 Dungeon Crawl Stone Soup version 0.19.0 (webtiles) character file.

1033 TheGoonsmith the Cutter (level 8, -4/42 HPs)
             Began as a Vine Stalker Summoner on Nov 15, 2016.
             Slain by an orc warrior
             ... wielding a +0 battleaxe
              (18 damage)
             ... on level 6 of the Dungeon.
             The game lasted 00:12:06 (6375 turns).

TheGoonsmith the Cutter (Vine Stalker Summoner)     Turns: 6375, Time: 00:12:07

Health: -4/42      AC:  9    Str: 11    XL:     8   Next: 24%
Magic:  0/12       EV: 12    Int: 20    God:
Gold:   306        SH:  0    Dex: 15    Spells: 3 memorised, 2 levels left

rFire  + . .     SeeInvis .     k - +1 dagger
rCold  . . .     Gourm    +     x - +1 leather armour {rF+}
rNeg   . . .     Faith    .     (no shield)
rPois  .         Spirit   +     d - +1 helmet
rElec  .         Reflect  .     (no cloak)
rCorr  .         Harm     .     q - +2 pair of gloves
MR     +....                    (no boots)
Stlth  ++........               o - amulet of the gourmand
                                (no ring)
                                n - +3 ring of intelligence

@: no status effects
A: fangs 3, regeneration 1, magic shield, antimagic bite, no device heal 3, rot
immunity
a: no special abilities


You were on level 6 of the Dungeon.
You were not hungry.

You visited 1 branch of the dungeon, and saw 6 of its levels.

You collected 306 gold pieces.

Inventory:

Hand Weapons
 e - a +0 short sword
 k - a +1 dagger (weapon)
 v - the +4 Vampire's Tooth {vamp}
   (You found it on level 4 of the Dungeon)

   It inflicts no extra harm, but heals its wielder when it wounds a living foe.
Armour
 a - a +0 robe
 d - a +1 helmet (worn)
 q - a +2 pair of gloves (worn)
 x - a +1 leather armour of fire resistance (worn)
Jewellery
 m - an uncursed ring of flight {unknown}
 n - a +3 ring of intelligence (left hand)
 o - an amulet of the gourmand (around neck)
 w - an uncursed ring of stealth {unknown}
Wands
 y - a wand of polymorph (24/24)
 A - a wand of paralysis (18/24)
Scrolls
 t - a scroll of recharging
 C - a scroll of amnesia
 D - a scroll of remove curse
Potions
 f - 2 potions of flight
 g - 3 potions of might {unknown}
 h - 5 potions of curing
 i - a potion of agility {unknown}
 j - a potion of cancellation {unknown}
 r - a potion of heal wounds {unknown}
 s - a potion of haste {unknown}
 u - a potion of ambrosia {unknown}
 z - a potion of brilliance {unknown}
 E - 2 potions of lignification {unknown}
Books
 b - a book of Callings

   Spells                             Type                      Level
   a - Summon Small Mammal            Summoning                    1
   b - Call Imp                       Summoning                    2
   c - Call Canine Familiar           Summoning                    3
   d - Summon Guardian Golem          Hexes/Summoning              3
   e - Summon Lightning Spire         Summoning/Air                4
   f - Summon Ice Beast               Ice/Summoning                4
Comestibles
 c - 4 bread rations
 l - 4 meat rations
 p - 3 fruits
 B - a slice of pizza


   Skills:
 + Level 4.4 Fighting
 * Level 6.7 Short Blades
 - Level 1.5 Dodging
 - Level 2.4 Stealth
 - Level 2.4 Spellcasting
 - Level 4.3 Summonings


You had 2 spell levels left.
You knew the following spells:

 Your Spells              Type           Power        Failure   Level  Hunger
a - Summon Ice Beast      Ice/Summ       ##......     85%         4    #####..
b - Call Imp              Summ           ###.....     8%          2    ##.....
c - Call Canine Familiar  Summ           ###.....     12%         3    ###....


Dungeon Overview and Level Annotations

Branches:
Dungeon (6/15)
 Temple: D:4-7

Altars:
Ashenzari
Gozag
Qazlal
Trog
Uskayaw
Yredelemnul


Innate Abilities, Weirdness & Mutations

You have razor-sharp teeth.
Your natural rate of healing is unusually fast.
When hurt, damage is shared between your health and your magic reserves.
Your bite disrupts and absorbs the magic of your enemies.
Potions and wands cannot restore your health.
You are immune to rotting.


Message History

The hound misses your crimson imp. The two-headed ogre barely misses you.
The two-headed ogre hits you with a dire flail!
Your crimson imp hits the hound.
You hit the two-headed ogre but do no damage.
Your bite misses the two-headed ogre.
The two-headed ogre is severely wounded.
Your crimson imp hits the two-headed ogre.
Your crimson imp blinks!
You hit the two-headed ogre.
The two-headed ogre is almost dead.
The hound bites you but does no damage. The two-headed ogre barely misses you.
The two-headed ogre closely misses you. The hound barely misses you.
You hit the two-headed ogre.
You kill the two-headed ogre!
Your crimson imp blinks!
The hound misses you.
You hit the hound. Your bite misses the hound.
The hound is heavily wounded.
The orc warrior hits you with a battleaxe!!
You die...

#### # #h.
..# #5# #....
###.###@#...#
......ho§..#
.##.###.####
#o#


#ho ... .... .... .....o You could see an orc warrior, 2 hounds, 2 orcs, a
friendly hound and a friendly white imp.

Vanquished Creatures
  A two-headed ogre (D:6)
  A phantom (D:4)
  A scorpion (D:5)
  A vampire bat (D:4)
  A crimson imp (D:4)
  2 orc wizards (D:3)
  2 worker ants (D:4)
  2 adders
  A howler monkey skeleton (D:5)
  A shadow imp (D:5)
  An ooze (D:2)
  2 worms
  A dart slug (D:1)
  5 leopard geckos
  3 orcs (D:3)
  6 giant cockroaches
  3 hobgoblins
  7 jackals
  2 quokkas (D:3)
  10 bats
  6 frilled lizards
  7 goblins
  8 kobolds
  4 rats
78 creatures vanquished.

Vanquished Creatures (collateral kills)
  Sigmund (D:5)
  An ogre (D:5)
  The ghost of tijit the Poker, an amateur MfGl (D:3)
  A centaur (D:5)
  A vampire bat (D:4)
  2 hounds (D:4)
  An orc wizard (D:3)
  An orc priest (D:3)
  Jessica (D:2)
  2 worker ants
  Robin (D:3)
  3 adders
  3 worms
  A dart slug (D:1)
  An orc (D:3)
  2 bats
  A giant cockroach (D:2)
  11 hobgoblins
  A jackal (D:1)
  A quokka (D:3)
  A ball python (D:3)
  2 frilled lizards
  12 goblins
  5 kobolds
  3 rats
60 creatures vanquished.

Vanquished Creatures (others)
  3 orcs (D:5)
3 creatures vanquished.

Grand Total: 141 creatures vanquished

Notes
Turn   | Place    | Note
-------+----------+-------------------------------------------
     0 | D:1      | TheGoonsmith the Vine Stalker Summoner began the quest for the Orb.
     0 | D:1      | Reached XP level 1. HP: 9/9 MP: 4/4
   425 | D:1      | Reached XP level 2. HP: 9/13 MP: 3/6
  1252 | D:1      | Learned a level 2 spell: Call Imp
  1271 | D:1      | Reached skill level 1 in Short Blades
  1330 | D:1      | Reached XP level 3. HP: 16/17 MP: 7/7
  1972 | D:2      | Reached skill level 1 in Fighting
  2230 | D:2      | Reached skill level 2 in Short Blades
  2331 | D:2      | Gained mutation: Your natural rate of healing is unusually fast. [Vine Stalker growth]
  2331 | D:2      | Reached XP level 4. HP: 22/22 MP: 3/8
  2342 | D:2      | Noticed Jessica
  2349 | D:2      | Killed Jessica
  2925 | D:2      | Found a stormy altar of Qazlal.
  3037 | D:3      | Reached XP level 5. HP: 26/26 MP: 2/9
  3145 | D:3      | Reached skill level 3 in Short Blades
  3367 | D:3      | Learned a level 3 spell: Call Canine Familiar
  3479 | D:3      | Noticed Robin
  3485 | D:3      | Killed Robin
  3537 | D:3      | Reached XP level 6. HP: 32/32 MP: 10/10
  3539 | D:3      | Noticed tijit's ghost (amateur MfGl)
  3587 | D:3      | Killed tijit's ghost
  3587 | D:3      | Reached skill level 4 in Short Blades
  4307 | D:4      | Found a bloodstained altar of Trog.
  4308 | D:4      | Found an opulent altar of Gozag.
  4348 | D:4      | Reached XP level 7. HP: 36/36 MP: 9/11
  4384 | D:4      | Reached skill level 5 in Short Blades
  4544 | D:4      | Found a basalt altar of Yredelemnul.
  4546 | D:4      | Found a hide-covered altar of Uskayaw.
  4547 | D:4      | Found a shattered altar of Ashenzari.
  4900 | D:5      | Entered Level 5 of the Dungeon
  4916 | D:5      | Learned a level 4 spell: Summon Ice Beast
  5505 | D:5      | Noticed Sigmund
  5519 | D:5      | Killed Sigmund
  5972 | D:5      | Reached skill level 6 in Short Blades
  6162 | D:5      | Gained mutation: You have razor-sharp teeth. [Vine Stalker growth]
  6162 | D:5      | Reached XP level 8. HP: 17/42 MP: 5/12
  6359 | D:6      | Noticed a two-headed ogre
  6374 | D:6      | Killed a two-headed ogre
  6375 | D:6      | Slain by an orc warrior

Skill      XL: |  1  2  3  4  5  6  7 |
---------------+----------------------+-----
Short Blades   | 1 2 3 4 6 |  6.7
Fighting       | 1 2 3 4 |  4.4
Dodging        | |  1.5
Stealth        | |  2.4
Spellcasting   | |  2.4
Summonings     | |  4.3

Action                   |  1- 3 |  4- 6 |  7- 9 || total
-------------------------+-------+-------+-------++-------
Melee: Short sword       |    40 |       |       ||    40
       Unarmed           |     3 |       |       ||     3
       Bite              |    24 |    61 |    28 ||   113
       Dagger            |    75 |   253 |   138 ||   466
 Cast: Summon Small Mamm |    23 |     5 |       ||    28
       Call Imp          |    13 |    29 |    14 ||    56
       Call Canine Famil |       |     8 |     9 ||    17
  Use: Scroll            |       |     7 |     4 ||    11
 Stab: Sleeping          |     2 |     2 |       ||     4
       Distracted        |       |     2 |     1 ||     3
  Eat: Chunk             |     6 |    11 |     5 ||    22
       Bread ration      |       |       |     1 ||     1
Armor: Robe              |    28 |    36 |       ||    64
       Leather armour    |       |    53 |    46 ||    99
Dodge: Dodged            |    69 |   144 |    77 ||   290
